 Dungeon Crawl Stone Soup version 0.22-a0-136-g83a10e5 (webtiles) character file.

1880 varam the Covered (level 9, 0/66 HPs)
             Began as a Gnoll Wanderer on Feb 2, 2018.
             Was a Believer of Nemelex Xobeh.
             Succumbed to Xoff's ghost's poison
             ... on level 6 of the Dungeon.
             The game lasted 00:18:55 (3902 turns).

varam the Covered (Gnoll Wanderer)                  Turns: 3902, Time: 00:18:55

Health: 0/66       AC: 14    Str: 16    XL:     9   Next: 14%
Magic:  14/14      EV: 13    Int: 16    God:    Nemelex Xobeh [**....]
Gold:   172        SH:  3    Dex: 18    Spells: 10/15 levels left

rFire    . . .     SeeInvis .   a - +2 hand crossbow
rCold    . . .     Gourm    .   (no shield)
rNeg     . . .     Faith    .   G - +0 ring mail
rPois    .         Spirit   .   o - +2 hat
rElec    .         Reflect  +   r - +1 cloak {+Inv}
rCorr    .         Harm     .   x - +2 pair of gloves
MR       .....     Rnd*Tele +   (no boots)
Stlth    ++........             p - +3 amulet of reflection
HPRegen  0.21/turn              u - +3 ring of dexterity
MPRegen  0.14/turn              (no ring)

@: lethally poisoned (0 -> -3)
A: distributed training, fangs 1, teleportitis 1, strong nose
a: Renounce Religion, Evoke Invisibility


You were on level 6 of the Dungeon.
You worshipped Nemelex Xobeh.
Nemelex Xobeh was pleased with you.
You were not hungry.

You visited 1 branch of the dungeon, and saw 6 of its levels.

You collected 263 gold pieces.
You spent 91 gold pieces at shops.

Inventory:

Hand Weapons
 a - a +2 hand crossbow (weapon)
 c - a +0 shortbow
 f - a +0 blowgun
Missiles
 b - 19 bolts (quivered)
 d - 63 arrows
 e - 14 poisoned needles
Armour
 g - a +0 robe
 o - a +2 hat (worn)
 r - a +1 cloak of invisibility (worn)
 x - a +2 pair of gloves (worn)
 E - a +0 leather armour
 G - a +0 ring mail (worn)
Jewellery
 p - a +3 amulet of reflection (around neck)
 u - a +3 ring of dexterity (left hand)
 H - an uncursed amulet of regeneration {unknown}
Wands
 A - a wand of paralysis (10)
 F - a wand of random effects (29)
Scrolls
 j - 2 scrolls of enchant armour
 k - 3 scrolls of remove curse
 l - 6 scrolls of identify
 m - 2 scrolls of teleportation {unknown}
 n - 2 scrolls of fog {unknown}
 v - 5 scrolls of enchant weapon {unknown}
 y - a scroll of random uselessness {unknown}
 J - 2 scrolls of immolation {unknown}
Potions
 i - 2 potions of degeneration {unknown}
 q - a potion of curing {unknown}
 t - a potion of lignification {unknown}
 w - a potion of might {unknown}
 z - 2 potions of invisibility {unknown}
 C - a potion of mutation {unknown}
Books
 B - a book of Minor Magic

   Spells                             Type                      Level
   a - Magic Dart                     Conjuration                  1
   b - Blink                          Translocation                2
   c - Call Imp                       Summoning                    2
   d - Slow                           Hexes                        2
   e - Conjure Flame                  Conjuration/Fire             3
   f - Mephitic Cloud                 Conjuration/Poison/Air       3
Miscellaneous
 D - a plain deck of destruction {drawn: 7}
Comestibles
 h - 10 rations
 I - 8 chunks of flesh


   Skills:
 + Level 4.7 Fighting
 + Level 3.9 Short Blades
 + Level 3.9 Long Blades
 + Level 3.9 Axes
 + Level 4.7 Maces & Flails
 + Level 3.9 Polearms
 + Level 3.9 Staves
 + Level 3.9 Slings
 + Level 3.9 Bows
 + Level 7.7 Crossbows
 + Level 6.1 Throwing
 + Level 7.7 Armour
 + Level 3.9 Dodging
 + Level 3.9 Stealth
 + Level 3.9 Shields
 + Level 3.9 Unarmed Combat
 + Level 3.9 Spellcasting
 + Level 3.2 Conjurations
 + Level 3.2 Hexes
 + Level 3.2 Charms
 + Level 3.2 Summonings
 + Level 3.2 Necromancy
 + Level 3.2 Translocations
 + Level 3.2 Transmutations
 + Level 3.2 Fire Magic
 + Level 3.2 Ice Magic
 + Level 3.2 Air Magic
 + Level 3.2 Earth Magic
 + Level 3.2 Poison Magic
 + Level 4.2 Invocations
 + Level 3.9 Evocations


You had 10 spell levels left.
You knew the following spells:

 Your Spells              Type           Power        Failure   Level  Hunger
a - Blink                 Tloc           N/A          12%         2    ##.....
b - Conjure Flame         Conj/Fire      ##......     24%         3    ###....


Dungeon Overview and Level Annotations

Branches:
Dungeon (6/15)
 Temple: D:4-7

Altars:
Ashenzari
Dithmenos
Fedhas
Gozag
Kikubaaqudgha
Nemelex Xobeh
Qazlal
Uskayaw
Yredelemnul
Zin
The Shining One

Shops:
D:4 [

Annotations:
D:6 exclusion: oklob plant


Innate Abilities, Weirdness & Mutations

Your experience applies equally to all skills.
You have very sharp teeth.
Your uncanny sense of smell can sniff out nearby items.
You are occasionally teleported next to monsters.


Message History

The hellwing hits you but does no damage. x2
Firing (i - inventory)
b - 21 bolts (quivered)
Press: ? - help, Shift-Dir - straight line, f - ooze
Aim: an ooze You shoot a bolt.
The bolt hits the ooze!
You kill the ooze!
You feel sick. The hellwing closely misses you. The hellwing hits you!
* * * LOW HITPOINT WARNING * * *
There are no items here.
Unknown command.
Firing (i - inventory)
b - 20 bolts (quivered)
Press: ? - help, Shift-Dir - straight line, f/p - ooze
Aim: an ooze You shoot a bolt.
The bolt hits the ooze!!
You kill the ooze!
The hellwing hits you.
* * * LOW HITPOINT WARNING * * *
The hellwing completely misses you.
You die...
Your body glows slightly and disappears.

##.## ∆ #..#
##.## ###..#
##...## ..##
#....#
.....##...## ###
#.....# #J..#
###.@##
####JJ....
###.###.JJJJJP..
#4.##.##JJJ..J
##J##.# #JJ.#
##(.J# ### #(###
##. .. #.#


You could see a hellwing and an ooze.

Vanquished Creatures
  Sigmund (D:2)
  A black bear (D:4)
  A sky beast (D:5)
  2 ogres
  Blork the orc (D:5)
  A scorpion (D:5)
  A howler monkey (D:4)
  2 jellies
  3 orc priests
  Natasha (D:2)
  2 orc wizards
  2 worker ants
  A hound skeleton (D:6)
  Robin (D:2)
  8 adders
  5 oozes (D:6)
  An adder skeleton (D:4)
  2 worms (D:2)
  5 leopard geckos
  10 orcs
  A ball python (D:3)
  8 bats
  3 giant cockroaches
  9 goblins
  11 hobgoblins
  7 jackals
  A quokka (D:2)
  A ball python skeleton (D:4)
  5 frilled lizards
  9 kobolds
  6 rats
112 creatures vanquished.

Vanquished Creatures (collateral kills)
  The ghost of Xoff the Shield-Bearer, a novice MiFi of Zin (D:6)
  Eustachio (D:5)
  The ghost of anet the Magician, an amateur DEWz (D:3)
  An ogre (D:5)
  A centaur (D:5)
  A killer bee (D:5)
  3 jellies (D:6)
  Crazy Yiuf (D:2)
  An iguana (D:4)
  A gnoll (D:5)
  An adder (D:3)
  2 worms (D:3)
  A bat (D:5)
16 creatures vanquished.

Vanquished Creatures (others)
  4 fungi (D:6)
4 creatures vanquished.

Grand Total: 132 creatures vanquished

Notes
Turn   | Place    | Note
-------+----------+-------------------------------------------
     0 | D:1      | varam the Gnoll Wanderer began the quest for the Orb.
     0 | D:1      | varam set off with: a +2 hand crossbow, 19 bolts, a +0 shortbow, 20 arrows, 14 poisoned needles, a +0 blowgun, a +0 robe, a ration
     0 | D:1      | Reached XP level 1. HP: 17/17 MP: 1/1
    81 | D:1      | Reached XP level 2. HP: 23/23 MP: 2/2
   504 | D:1      | Reached XP level 3. HP: 28/28 MP: 3/3
   798 | D:2      | Found a sparkling altar of Nemelex Xobeh.
   802 | D:2      | Became a worshipper of Nemelex Xobeh the Trickster
   869 | D:2      | Reached skill level 1 in Invocations
   873 | D:2      | Noticed Robin
   875 | D:2      | Killed Robin
   880 | D:2      | Reached skill level 1 in Short Blades
   880 | D:2      | Reached skill level 1 in Long Blades
   880 | D:2      | Reached skill level 1 in Axes
   880 | D:2      | Reached skill level 1 in Polearms
   880 | D:2      | Reached skill level 1 in Staves
   880 | D:2      | Reached skill level 1 in Slings
   880 | D:2      | Reached skill level 1 in Bows
   880 | D:2      | Reached skill level 1 in Dodging
   880 | D:2      | Reached skill level 1 in Stealth
   880 | D:2      | Reached skill level 1 in Shields
   880 | D:2      | Reached skill level 1 in Unarmed Combat
   880 | D:2      | Reached skill level 1 in Spellcasting
   880 | D:2      | Reached skill level 1 in Evocations
   883 | D:2      | Reached XP level 4. HP: 28/34 MP: 5/5
   923 | D:2      | Received a gift from Nemelex Xobeh
  1021 | D:2      | Noticed Sigmund
  1027 | D:2      | Killed Sigmund
  1027 | D:2      | Reached skill level 3 in Fighting
  1027 | D:2      | Reached skill level 3 in Maces & Flails
  1027 | D:2      | Reached skill level 1 in Conjurations
  1027 | D:2      | Reached skill level 1 in Hexes
  1027 | D:2      | Reached skill level 1 in Charms
  1027 | D:2      | Reached skill level 1 in Summonings
  1027 | D:2      | Reached skill level 1 in Necromancy
  1027 | D:2      | Reached skill level 1 in Translocations
  1027 | D:2      | Reached skill level 1 in Transmutations
  1027 | D:2      | Reached skill level 1 in Fire Magic
  1027 | D:2      | Reached skill level 1 in Ice Magic
  1027 | D:2      | Reached skill level 1 in Air Magic
  1027 | D:2      | Reached skill level 1 in Earth Magic
  1027 | D:2      | Reached skill level 1 in Poison Magic
  1027 | D:2      | Reached XP level 5. HP: 22/41 MP: 5/7
  1064 | D:2      | Reached XP level 6. HP: 31/47 MP: 8/8
  1134 | D:2      | Found a runed door.
  1139 | D:2      | Noticed Crazy Yiuf
  1147 | D:2      | Killed Crazy Yiuf
  1147 | D:2      | Reached skill level 2 in Invocations
  1214 | D:2      | Noticed Natasha
  1217 | D:2      | Killed Natasha
  1247 | D:2      | Found a glowing golden altar of the Shining One.
  1265 | D:2      | Noticed a dagger
  1269 | D:2      | Noticed a dagger
  1269 | D:2      | Found a hide-covered altar of Uskayaw.
  1475 | D:3      | Noticed anet's ghost (amateur DEWz)
  1477 | D:3      | Killed anet's ghost
  1477 | D:3      | Reached skill level 2 in Short Blades
  1477 | D:3      | Reached skill level 2 in Long Blades
  1477 | D:3      | Reached skill level 2 in Axes
  1477 | D:3      | Reached skill level 2 in Polearms
  1477 | D:3      | Reached skill level 2 in Staves
  1477 | D:3      | Reached skill level 2 in Slings
  1477 | D:3      | Reached skill level 2 in Bows
  1477 | D:3      | Reached skill level 5 in Throwing
  1477 | D:3      | Reached skill level 2 in Dodging
  1477 | D:3      | Reached skill level 2 in Stealth
  1477 | D:3      | Reached skill level 2 in Shields
  1477 | D:3      | Reached skill level 2 in Unarmed Combat
  1477 | D:3      | Reached skill level 2 in Spellcasting
  1477 | D:3      | Reached skill level 2 in Evocations
  1487 | D:3      | Found a shadowy altar of Dithmenos.
  1489 | D:3      | Found an ancient bone altar of Kikubaaqudgha.
  1495 | D:3      | Found an opulent altar of Gozag.
  1630 | D:3      | Found a glowing silver altar of Zin.
  1676 | D:3      | Found a stormy altar of Qazlal.
  1964 | D:4      | Reached XP level 7. HP: 49/52 MP: 10/10
  2005 | D:4      | Reached * piety under Nemelex Xobeh
  2202 | D:4      | Found a shattered altar of Ashenzari.
  2272 | D:4      | Reached skill level 7 in Crossbows
  2272 | D:4      | Reached skill level 7 in Armour
  2272 | D:4      | Reached skill level 2 in Conjurations
  2272 | D:4      | Reached skill level 2 in Hexes
  2272 | D:4      | Reached skill level 2 in Charms
  2272 | D:4      | Reached skill level 2 in Summonings
  2272 | D:4      | Reached skill level 2 in Necromancy
  2272 | D:4      | Reached skill level 2 in Translocations
  2272 | D:4      | Reached skill level 2 in Transmutations
  2272 | D:4      | Reached skill level 2 in Fire Magic
  2272 | D:4      | Reached skill level 2 in Ice Magic
  2272 | D:4      | Reached skill level 2 in Air Magic
  2272 | D:4      | Reached skill level 2 in Earth Magic
  2272 | D:4      | Reached skill level 2 in Poison Magic
  2316 | D:4      | Learned a level 2 spell: Blink
  2320 | D:4      | Learned a level 3 spell: Conjure Flame
  2482 | D:4      | Found Juelasi's Antique Armour Emporium.
  2492 | D:4      | Bought an opalescent robe for 91 gold pieces
  2492 | D:4      | Found the opalescent robe
  2502 | D:4      | Identified the cursed -5 robe of Misfortune {-Cast *Contam *Tele *Drain EV-5 Stlth-- *Curse} (You bought it in a shop on level 4 of the Dungeon)
  2530 | D:4      | Gained mutation: You are occasionally teleported next to monsters. [mutagenic glow]
  2681 | D:5      | Entered Level 5 of the Dungeon
  2721 | D:5      | Received a gift from Nemelex Xobeh
  2733 | D:5      | Reached skill level 3 in Invocations
  2849 | D:5      | Reached XP level 8. HP: 49/60 MP: 12/12
  3111 | D:5      | Reached ** piety under Nemelex Xobeh
  3111 | D:5      | Noticed Eustachio
  3114 | D:5      | Killed Eustachio
  3114 | D:5      | Reached skill level 4 in Fighting
  3114 | D:5      | Reached skill level 3 in Short Blades
  3114 | D:5      | Reached skill level 3 in Long Blades
  3114 | D:5      | Reached skill level 3 in Axes
  3114 | D:5      | Reached skill level 4 in Maces & Flails
  3114 | D:5      | Reached skill level 3 in Polearms
  3114 | D:5      | Reached skill level 3 in Staves
  3114 | D:5      | Reached skill level 3 in Slings
  3114 | D:5      | Reached skill level 3 in Bows
  3114 | D:5      | Reached skill level 3 in Dodging
  3114 | D:5      | Reached skill level 3 in Stealth
  3114 | D:5      | Reached skill level 3 in Shields
  3114 | D:5      | Reached skill level 3 in Unarmed Combat
  3114 | D:5      | Reached skill level 3 in Spellcasting
  3114 | D:5      | Reached skill level 3 in Evocations
  3204 | D:5      | Found a basalt altar of Yredelemnul.
  3311 | D:5      | Noticed Blork the orc
  3319 | D:5      | Killed Blork the orc
  3416 | D:5      | Found a blossoming altar of Fedhas.
  3812 | D:6      | Noticed an oklob plant
  3860 | D:6      | Reached skill level 4 in Invocations
  3876 | D:6      | Noticed Xoff's ghost (novice MiFi)
  3887 | D:6      | Noticed a hellwing
  3897 | D:6      | Killed Xoff's ghost
  3897 | D:6      | Reached skill level 6 in Throwing
  3897 | D:6      | Reached skill level 3 in Conjurations
  3897 | D:6      | Reached skill level 3 in Hexes
  3897 | D:6      | Reached skill level 3 in Charms
  3897 | D:6      | Reached skill level 3 in Summonings
  3897 | D:6      | Reached skill level 3 in Necromancy
  3897 | D:6      | Reached skill level 3 in Translocations
  3897 | D:6      | Reached skill level 3 in Transmutations
  3897 | D:6      | Reached skill level 3 in Fire Magic
  3897 | D:6      | Reached skill level 3 in Ice Magic
  3897 | D:6      | Reached skill level 3 in Air Magic
  3897 | D:6      | Reached skill level 3 in Earth Magic
  3897 | D:6      | Reached skill level 3 in Poison Magic
  3897 | D:6      | Reached XP level 9. HP: 25/66 MP: 14/14
  3901 | D:6      | HP: 1/66 [hellwing[the player character] (6)]
  3902 | D:6      | Succumbed to Xoff's ghost's poison

Vault maps used:
D:1:      dpeg_arrival_oval, minmay_misc_feat_secret_circle
D:2:      lemuel_doored_altar, dancing_weapons_uskayaw,
          nemelex_xobeh_ov_fountains_minmay, uniq_crazy_yiuf_cottage,
          uniq_sigmund, uniq_robin, uniq_natasha
D:3:      lemuel_round_altar, old_standard_altar,
          gammafunk_temple_overflow_forgotten, first_ration,
          grunt_decor_fettered
D:4:      ashenzari_conservatory_becter, serial_shops, nicolae_shop_waterfront,
          moated_statue
D:5:      marbit_many_paths, nicolae_overflow_hidden_temple,
          kennysheep_big_empty_room, uniq_eustachio, uniq_blork_the_orc
D:6:      lemuel_slime, serial_park, nicolae_qazlal_style_of_elements

Skill      XL: |  1  2  3  4  5  6  7  8 |
---------------+-------------------------+-----
Invocations    | 1 2 3 4 |  4.2
Short Blades   | 1 2 3 |  3.9
Long Blades    | 1 2 3 |  3.9
Axes           | 1 2 3 |  3.9
Polearms       | 1 2 3 |  3.9
Staves         | 1 2 3 |  3.9
Slings         | 1 2 3 |  3.9
Bows           | 1 2 3 |  3.9
Dodging        | 1 2 3 |  3.9
Stealth        | 1 2 3 |  3.9
Shields        | 1 2 3 |  3.9
Unarmed Combat | 1 2 3 |  3.9
Spellcasting   | 1 2 3 |  3.9
Evocations     | 1 2 3 |  3.9
Fighting       | 3 4 |  4.7
Maces & Flails | 3 4 |  4.7
Conjurations   | 1 2 3 |  3.2
Hexes          | 1 2 3 |  3.2
Charms         | 1 2 3 |  3.2
Summonings     | 1 2 3 |  3.2
Necromancy     | 1 2 3 |  3.2
Translocations | 1 2 3 |  3.2
Transmutations | 1 2 3 |  3.2
Fire Magic     | 1 2 3 |  3.2
Ice Magic      | 1 2 3 |  3.2
Air Magic      | 1 2 3 |  3.2
Earth Magic    | 1 2 3 |  3.2
Poison Magic   | 1 2 3 |  3.2
Throwing       | 5 6 |  6.1
Crossbows      | 7 |  7.7
Armour         | 7 |  7.7

Action                   |  1- 3 |  4- 6 |  7- 9 || total
-------------------------+-------+-------+-------++-------
 Fire: Hand crossbow     |    78 |    79 |   138 ||   295
Evoke: Deck              |       |     2 |    12 ||    14
       Wand              |       |       |     5 ||     5
  Use: Scroll            |       |       |     3 ||     3
  Eat: Chunk             |       |     3 |     6 ||     9
Armor: Robe              |     4 |    19 |     9 ||    32
       Ring mail         |       |       |    20 ||    20
Dodge: Dodged            |    13 |    28 |    43 ||    84
Block: Other             |       |       |     5 ||     5

Table legend:
 A = Spawn XP
 B = Non-spawn XP
 C = Spawn XP percentage of total XP
 D = Spawn monster count
 E = Non-spawn monster count
 F = Spawn count percentage of total count
 G = Total turns spent on level
                    A         B        C        D         E        F      G
               +---------+---------+-------+---------+---------+-------+---------
         Total |       0 |    2687 |   0.0 |       0 |     128 |   0.0 |  3902
               +---------+---------+-------+---------+---------+-------+---------
           D:1 |       0 |      42 |   0.0 |       0 |      26 |   0.0 |   632
           D:2 |       0 |     365 |   0.0 |       0 |      31 |   0.0 |   794
           D:3 |       0 |     135 |   0.0 |       0 |      13 |   0.0 |   467
           D:4 |       0 |     437 |   0.0 |       0 |      15 |   0.0 |   788
           D:5 |       0 |     812 |   0.0 |       0 |      24 |   0.0 |  1002
           D:6 |       0 |     896 |   0.0 |       0 |      19 |   0.0 |   219
               +---------+---------+-------+---------+---------+-------+---------
